[Event "*** Titled Tuesday Blitz"]
[Site "Chess.com"]
[Date "2020.12.29"]
[Round "1"]
[White "Andrakhanova"]
[Black "Chess_Boxer123"]
[Result "0-1"]
[WhiteElo "2248"]
[BlackElo "2557"]
[TimeControl "180+1"]
[EndTime "10:01:16 PST"]
[Termination "Chess_Boxer123 won by resignation"]

1. c4 e5 2. Nc3 Nc6 3. g3 g6 4. Bg2 Nge7 5. e3 Bg7 6. Nge2 O-O 7. O-O d6 8. d4 exd4 9. Nxd4 Nxd4 10. exd4 Nf5 11.
d5 Bd7 12. Bf4 h6 13. h4 Re8 14. Qd2 a6 15. Bxh6 Bxh6 16. Qxh6 Nxh6 0-1

[Event "*** Titled Tuesday Blitz"]
[Site "Chess.com"]
[Date "2020.12.29"]
[Round "1"]
[White "KarstenHansch"]
[Black "Luibov_AN"]
[Result "1-0"]
[WhiteElo "2482"]
[BlackElo "2011"]
[TimeControl "180+1"]
[EndTime "10:01:35 PST"]
[Termination "KarstenHansch won by resignation"]

1. e4 g6 2. Nf3 Bg7 3. d4 c5 4. c3 cxd4 5. cxd4 Nc6 6. Nc3 Qb6 7. d5 Nb8 8. Qc2 d6 9. Be3 Qd8 10. Nb5 Na6 11. Nxa7 Nb4 12. Qa4+ Bd7 13. Qxb4 Bxb2 14. Qxb2 1-0

[Event "*** Titled Tuesday Blitz"]
[Site "Chess.com"]
[Date "2020.12.29"]
[Round "1"]
[White "ehrenfeld"]
[Black "yoelpolanco"]
[Result "1-0"]
[WhiteElo "2554"]
[BlackElo "2246"]
[TimeControl "180+1"]
[EndTime "10:01:38 PST"]
[Termination "ehrenfeld won by resignation"]

1. e4 e5 2. Nc3 Nf6 3. f4 d5 4.
fxe5 Nxe4 5. Qf3 Nxc3 6. bxc3 Be7 7. d4 O-O 8. Bd3 c5 9. Ne2 g6 10. Bh6 c4 11. Bxf8 Bxf8 12. O-O cxd3 13. Qxf7+ Kh8 14.
Qxf8+ Qxf8 15. Rxf8+ Kg7 16. Rxc8 dxe2 17. Re1 1-0

[Event "*** Titled Tuesday Blitz"]
[Site "Chess.com"]
[Date "2020.12.29"]
[Round "1"]
[White "penguingm1"]
[Black "andriipalchuk"]
[Result "1-0"]
[WhiteElo "2938"]
[BlackElo "2468"]
[TimeControl "180+1"]
[EndTime "10:02:00 PST"]
[Termination "penguingm1 won by resignation"]

1. Nh3 Nf6 2. g3 e5 3. Bg2 d5 4. d4 c6 5. dxe5 Ng4 6. e4 Qb6 7. exd5 cxd5 8. O-O Nc6 9. Nc3 Be6 10. Nf4 Ngxe5 11. Ncxd5 1-0

[Event "*** Titled Tuesday Blitz"]
[Site "Chess.com"]
[Date "2020.12.29"]
[Round "1"]
[White "goldenpuppy"]
[Black "Rud_Makarian"]
[Result "0-1"]
[WhiteElo "2350"]
[BlackElo "2673"]
[TimeControl "180+1"]
[EndTime "10:02:01 PST"]
[Termination "Rud_Makarian won by resignation"]

1. e4 e5 2. Nf3 Nc6 3. d4 exd4 4. Nxd4 Nf6 5. Nc3 Bb4 6. Nxc6 bxc6 7. Bd3 d5 8. exd5 O-O 9. O-O Bg4 10. Ne2 Qxd5 11.
f3 Bh5 12. Nf4 Qa5 13. Nxh5 Qxh5 14. f4 Ng4 15. h3 Bc5+ 0-1

[Event "*** Titled Tuesday Blitz"]
[Site "Chess.com"]
[Date "2020.12.29"]
[Round "1"]
[White "ShapkinAnatoliy"]
[Black "Skat2704"]
[Result "1-0"]
[WhiteElo "2698"]
[BlackElo "2365"]
[TimeControl "180+1"]
[EndTime "10:02:10 PST"]
[Termination "ShapkinAnatoliy won by resignation"]

1. d4 d5 2. c4 e6 3. Nf3 Nf6 4. g3 dxc4 5. Bg2 Nc6 6. O-O Rb8 7. Nc3 b6 8. Qa4 Bb7 9. Ne5 b5 10. Qxb5 Nd5 11. Nxc6 1-0

[Event "*** Titled Tuesday Blitz"]
[Site "Chess.com"]
[Date "2020.12.29"]
[Round "1"]
[White "Gerryisplaying"]
[Black "MaevskiyNikolay"]
[Result "0-1"]
[WhiteElo "2301"]
[BlackElo "2598"]
[TimeControl "180+1"]
[EndTime "10:03:10 PST"]
[Termination "MaevskiyNikolay won by resignation"]

1. d4 d5 2. Bg5 Nc6 3. e3 f6 4. Bh4 Nh6 5. Bb5 Nf5 6. Bxc6+ bxc6 7. Nd2 Nxh4 8. Qh5+ Ng6 9. f4 e6 10. g4 Qd7 11. Ngf3 Qf7 12. O-O-O Bd6 13. c4 Bb4 14. Nb3 a5 15. a3 a4 16. Na1 Ba5 17. Nc2 Ba6 18. c5 Rb8 19. h4 Ne7 20. Qxf7+ Kxf7 21. h5 Rb3 22. g5 Be2 23. g6+ hxg6 24. hxg6+ Nxg6 0-1

[Event "*** Titled Tuesday Blitz"]
[Site "Chess.com"]
[Date "2020.12.29"]
[Round "1"]
[White "Legendinunknown"]
[Black "rududuyk"]
[Result "1-0"]
[WhiteElo "2573"]
[BlackElo "2278"]
[TimeControl "180+1"]
[EndTime "10:03:11 PST"]
[Termination "Legendinunknown won by resignation"]

1. d4 e6 2. c4 f5 3. Nf3 Nf6 4. g3 Be7 5. Bg2 d6 6. O-O O-O 7. Nc3 Ne4 8. Nxe4 fxe4 9. Nd2 d5 10. f3 Nc6 11. e3 exf3 12. Bxf3 b6 13. cxd5 exd5 14.
Qb3 Ba6 15. Bxd5+ Kh8 16. Rxf8+ Qxf8 17. Bxc6 Rd8 18. Bg2 Bg5 19. Nf3 Bh6 20. Ne5 Rd7 21. Nxd7 1-0

[Event "*** Titled Tuesday Blitz"]
[Site "Chess.com"]
[Date "2020.12.29"]
[Round "1"]
[White "Bulldog167"]
[Black "DrMamaliga"]
[Result "1-0"]
[WhiteElo "2684"]
[BlackElo "2354"]
[TimeControl "180+1"]
[EndTime "10:03:20 PST"]
[Termination "Bulldog167 won by resignation"]

1. e4 e5 2. f4 exf4 3. Nf3 g5 4.
Bc4 h6 5. Nc3 d6 6. g3 g4 7. Nh4 f3 8. d4 Be7 9. Nxf3 gxf3 10.
Qxf3 Rh7 11. O-O Be6 12. Bxe6 fxe6 13. Qh5+ Kd7 14. Qg6 Nf6 15. Rxf6 Bxf6 16. Qxh7+ Kc8 17. Be3 Nd7 18. Rf1 Bg5 19. Bxg5 Qxg5 20. Qh8+ Qd8 21.
Qxh6 b6 22. Qxe6 1-0

[Event "*** Titled Tuesday Blitz"]
[Site "Chess.com"]
[Date "2020.12.29"]
[Round "1"]
[White "Zhigalko_Sergei"]
[Black "Tekushka"]
[Result "1-0"]
[WhiteElo "2862"]
[BlackElo "2441"]
[TimeControl "180+1"]
[EndTime "10:03:22 PST"]
[Termination "Zhigalko_Sergei won by resignation"]

1. e4 e6 2. d4 d5 3. e5 c5 4. c3 Nc6 5. Nf3 Qb6 6. a3 Nh6 7.
b4 cxd4 8. cxd4 Nf5 9. Be3 Bd7 10. Bd3 Be7 11. O-O Nxe3 12. fxe3 f6 13. exf6 Bxf6 14. Nc3 O-O 15. Na4 Qd8 16. Nc5 b6 17. Nxd7 Qxd7 18. Qc2 g6 19. Bb5 Nxb4 20. Qa4 1-0

[Event "*** Titled Tuesday Blitz"]
[Site "Chess.com"]
[Date "2020.12.29"]
[Round "1"]
[White "brunomorado"]
[Black "dretch"]
[Result "0-1"]
[WhiteElo "2436"]
[BlackElo "2835"]
[TimeControl "180+1"]
[EndTime "10:03:33 PST"]
[Termination "dretch won by resignation"]

1. d4 d5 2. Nc3 Nf6 3. Bg5 e6 4. e4 dxe4 5. Nxe4 Be7 6. Bxf6 Bxf6 7. Ne2 Be7 8. g3 O-O 9. Bg2 Nc6 10. c3 e5 11. d5 Nb8 12. O-O f5 13. Nd2 Nd7 14. f4 e4 15. Nb3 Nb6 16. c4 Nxc4 17. Qd4 Nb6 18. Rac1 Nxd5 19. Rfd1 c6 20. Nc3 Be6 21. Nc5 Bxc5 22. Qxc5 Qb6 23. Na4 Qa6 24. b3 Qe2 25. Qd6 Rae8 26. Nc3 Qe3+ 0-1

[Event "*** Titled Tuesday Blitz"]
[Site "Chess.com"]
[Date "2020.12.29"]
[Round "1"]
[White "MF1966Idrisov"]
[Black "seorobert1971"]
[Result "0-1"]
[WhiteElo "2405"]
[BlackElo "2763"]
[TimeControl "180+1"]
[EndTime "10:03:34 PST"]
[Termination "seorobert1971 won by resignation"]

1. Nf3 e6 2. b3 Nf6 3. Bb2 d5 4. e3 Bd6 5. d4 O-O 6. Nbd2 b6 7.
Bd3 Bb7 8. O-O Nbd7 9. Ne5 c5 10.
f4 Ne4 11. Nxe4 dxe4 12. Bb5 Nf6 13. Re1 a6 14. Bf1 b5 15. dxc5 Bxc5 16. Qe2 Qb6 17. Rad1 Rad8 18. a3 Nd5 19. Bd4 Nxf4 20. Qg4 Bxd4 21.
Qxf4 Bxe3+ 0-1

[Event "*** Titled Tuesday Blitz"]
[Site "Chess.com"]
[Date "2020.12.29"]
[Round "1"]
[White "kirillshevchenko"]
[Black "PlotnikovPavel"]
[Result "1-0"]
[WhiteElo "2872"]
[BlackElo "2444"]
[TimeControl "180+1"]
[EndTime "10:03:49 PST"]
[Termination "kirillshevchenko won by resignation"]

1. e4 c5 2. Nc3 d6 3. f4 g6 4. Nf3 Bg7 5. Bc4 Nc6 6. d3 Bg4 7. Bxf7+ Kf8 8. Bc4 Nf6 9. h3 Bxf3 10. Qxf3 Nd4 11. Qd1 e5 12. O-O b5 13. Nxb5 Nxb5 14. Bxb5 Ke7 15. Bc4 Rf8 16. fxe5 dxe5 17. Be3 Qd6 18.
Qd2 Nh5 19. Qa5 Nf4 20. Bxc5 Ne2+ 21. Kh2 1-0

[Event "*** Titled Tuesday Blitz"]
[Site "Chess.com"]
[Date "2020.12.29"]
[Round "1"]
[White "Fighter008"]
[Black "Chernov_Alexander_A"]
[Result "1-0"]
[WhiteElo "2604"]
[BlackElo "2308"]
[TimeControl "180+1"]
[EndTime "10:03:57 PST"]
[Termination "Fighter008 won on time"]

1. e4 e5 2. Nf3 Nc6 3. Nc3 Nf6 4. Bb5 Bb4 5. O-O O-O 6. d3 Bxc3 7. bxc3 d6 8. Bg5 Qe7 9. Nd2 Nd8 10. f4 Ne6 11.
fxe5 dxe5 12. Bxf6 Qc5+ 13. Kh1 Qxb5 14. Qg4 Kh8 15. Be7 1-0

[Event "*** Titled Tuesday Blitz"]
[Site "Chess.com"]
[Date "2020.12.29"]
[Round "1"]
[White "Zemerovv"]
[Black "tvjosue"]
[Result "0-1"]
[WhiteElo "2185"]
[BlackElo "2527"]
[TimeControl "180+1"]
[EndTime "10:04:00 PST"]
[Termination "tvjosue won by resignation"]

1. g3 c5 2. Bg2 Nc6 3. d3 g6 4.
Nd2 Bg7 5. e3 d6 6. Ne2 e5 7. h3 Nge7 8. g4 O-O 9. f4 h6 10. O-O f5 11. gxf5 Nxf5 12. Ne4 Nh4 13. N2g3 Qd7 14. f5 gxf5 15. Qh5 Nxg2 16. Kxg2 fxe4 17. Rxf8+ Kxf8 18. Nxe4 Qe7 19. Bd2 Be6 20. Rf1+ Kg8 21. Qg6 Bd5 22. Kh2 Bxe4 23. dxe4 Rf8 24.
Rg1 Rf2+ 25. Rg2 Rxg2+ 26. Qxg2 Qg5 27. Be1 Qxg2+ 28. Kxg2 Kf7 29. Kf3 Bf6 30. a3 Kg6 31. Kg4 b6 32. h4 h5+ 33. Kf3 Kf7 34. b3 Ke6 35. c4 Ne7 36. Bf2 Ng6 0-1

[Event "*** Titled Tuesday Blitz"]
[Site "Chess.com"]
[Date "2020.12.29"]
[Round "1"]
[White "AlleyOoper"]
[Black "The_filthy"]
[Result "1-0"]
[WhiteElo "2591"]
[BlackElo "2294"]
[TimeControl "180+1"]
[EndTime "10:04:07 PST"]
[Termination "AlleyOoper won by resignation"]

1. d4 d5 2. Bf4 c6 3. e3 Nf6 4. c4 e6 5. Nc3 Nbd7 6. Nf3 Be7 7. Be2 dxc4 8. Bxc4 O-O 9. h3 b5 10. Bd3 Bb7 11.
O-O a6 12. Rc1 c5 13. Qe2 c4 14. Bb1 Nb6 15. a3 Rc8 16. e4 h6 17. e5 Nfd5 18.
Qc2 g6 19. Bxh6 Re8 20. Ne4 a5 21. Neg5 Bxg5 22. Nxg5 Qe7 23. Ne4 c3 24. Bg5 Qd7 25. bxc3 Nxc3 1-0

[Event "*** Titled Tuesday Blitz"]
[Site "Chess.com"]
[Date "2020.12.29"]
[Round "1"]
[White "Msb2"]
[Black "Koksal06"]
[Result "1-0"]
[WhiteElo "2773"]
[BlackElo "2408"]
[TimeControl "180+1"]
[EndTime "10:04:21 PST"]
[Termination "Msb2 won by resignation"]

1. d4 d5 2. c4 c6 3. Nc3 Nf6 4. e3 e6 5. Nf3 Nbd7 6. Be2 Bd6 7. O-O O-O 8. a4 Qe7 9. Qc2 dxc4 10. Bxc4 e5 11.
h3 exd4 12. exd4 Nb6 13. Re1 Qc7 14. Bb3 h6 15. Bxh6 Nbd5 16. Bg5 Be6 17. Bxf6 gxf6 18. Ne4 Be7 19. Bxd5 Bxd5 20. Nh4 Qf4 21. g3 Qc7 22. Qe2 Be6 23. Qh5 Rad8 24. Nf5 Bxf5 25. Qxf5 Rxd4 26.
Nxf6+ Bxf6 27. Qxf6 Rfd8 28. Re7 Qf4 29. gxf4 1-0

[Event "*** Titled Tuesday Blitz"]
[Site "Chess.com"]
[Date "2020.12.29"]
[Round "1"]
[White "Chuchofrio1"]
[Black "rychessmaster1"]
[Result "0-1"]
[WhiteElo "2273"]
[BlackElo "2568"]
[TimeControl "180+1"]
[EndTime "10:04:22 PST"]
[Termination "rychessmaster1 won by resignation"]

1. d4 Nf6 2. c4 e6 3. Nc3 Bb4 4. e3 b6 5. Ne2 Bb7 6. a3 Bd6 7.
Ng3 h5 8. h4 Bxg3 9. fxg3 d5 10.
Be2 dxc4 11. Bf3 Bxf3 12. Qxf3 Nbd7 13. e4 c5 14. Be3 Ng4 15. O-O O-O 16. Bg5 f6 17.
Be3 cxd4 18. Bxd4 Nde5 19. Bxe5 fxe5 20. Qxf8+ Qxf8 21. Rxf8+ Rxf8 22. Rd1 Ne3 23. Rd7 Rf1+ 24. Kh2 Ng4+ 0-1

[Event "*** Titled Tuesday Blitz"]
[Site "Chess.com"]
[Date "2020.12.29"]
[Round "1"]
[White "Harry_Rakkel"]
[Black "orestn"]
[Result "1-0"]
[WhiteElo "2639"]
[BlackElo "2335"]
[TimeControl "180+1"]
[EndTime "10:04:25 PST"]
[Termination "Harry_Rakkel won by resignation"]

1. g3 d5 2. Bg2 e6 3. d3 Nf6 4. f4 Be7 5. Nf3 a5 6. O-O c6 7. h3 b5 8. Nbd2 b4 9. e4 dxe4 10. dxe4 Ba6 11. Re1 Nbd7 12. Nf1 Qb6+ 13. Be3 Bc5 14. Bxc5 Nxc5 15. Qd4 Ncd7 16. Qxb6 Nxb6 17. b3 Ke7 18. N1d2 Rhd8 19. Rad1 Rac8 20. e5 Nfd5 21. Ne4 c5 22. Nd6 Rb8 23. Ng5 f6 24. exf6+ Kxd6 25. Nf7+ Kc7 26. Nxd8 Rxd8 27. fxg7 Rg8 28. Rxe6 Rxg7 29.
Bxd5 Rxg3+ 30. Kf2 Rg7 31. Rc6+ 1-0

[Event "*** Titled Tuesday Blitz"]
[Site "Chess.com"]
[Date "2020.12.29"]
[Round "1"]
[White "aa175"]
[Black "1977Ivan"]
[Result "0-1"]
[WhiteElo "2362"]
[BlackElo "2693"]
[TimeControl "180+1"]
[EndTime "10:04:28 PST"]
[Termination "1977Ivan won by resignation"]

1. d4 d5 2. Bf4 c5 3. e3 cxd4 4. exd4 Nc6 5. Nf3 Bf5 6. c3 e6 7. Nbd2 f6 8. Nh4 g5 9. Nxf5 exf5 10.
Qh5+ Kd7 11. Be3 Qe8 12. Qf3 f4 13. Qxd5+ Kc7 14. Bb5 fxe3 15. Nc4 Rd8 16. Qf3 a6 17. Qh3 0-1

[Event "*** Titled Tuesday Blitz"]
[Site "Chess.com"]
[Date "2020.12.29"]
[Round "1"]
[White "FGHSMN"]
[Black "IsuruAlahakoon"]
[Result "1-0"]
[WhiteElo "2654"]
[BlackElo "2335"]
[TimeControl "180+1"]
[EndTime "10:04:29 PST"]
[Termination "FGHSMN won by resignation"]

1. e4 d5 2. exd5 Nf6 3. d4 Bg4 4. Nf3 Qxd5 5. Be2 Nc6 6. c4 Qh5 7. Nc3 O-O-O 8. Be3 e6 9. Qd2 Bb4 10. h3 Ne4 11. Qc2 Nxc3 12. bxc3 Ba5 13. Qb3 e5 14. O-O Bxh3 15. gxh3 Qxh3 16. Ng5 Qf5 17. Rab1 b6 18. Qb5 Rd6 19. f4 exf4 20. Qxf5+ 1-0

[Event "*** Titled Tuesday Blitz"]
[Site "Chess.com"]
[Date "2020.12.29"]
[Round "1"]
[White "Artyom_ChessMate"]
[Black "MarcoCorvi"]
[Result "0-1"]
[WhiteElo "2505"]
[BlackElo "2194"]
[TimeControl "180+1"]
[EndTime "10:04:29 PST"]
[Termination "MarcoCorvi won by resignation"]

1. e4 Nf6 2. e5 Nd5 3. d4 d6 4.
Nf3 dxe5 5. Nxe5 c6 6. Be2 Bf5 7. O-O Nd7 8. Nf3 e6 9. c4 Nb4 10. Nc3 Be7 11. a3 Na6 12. Bf4 O-O 13. h3 h6 14. b4 Nc7 15. Rc1 Ne8 16. Bh2 Bd6 17. Re1 Bxh2+ 18. Nxh2 Nef6 19. Nf3 Ne4 20. Bd3 Nxc3 21.
Rxc3 Bxd3 22. Rxd3 Qc7 23. Ne5 Nxe5 24. Rxe5 Rad8 25.
Qe2 Rd7 26. Re4 Rfd8 27. Rg4 g6 28. Qe4 Kh7 29. h4 f5 0-1

[Event "*** Titled Tuesday Blitz"]
[Site "Chess.com"]
[Date "2020.12.29"]
[Round "1"]
[White "SanchezKelvin"]
[Black "bogcsab"]
[Result "1-0"]
[WhiteElo "2481"]
[BlackElo "1953"]
[TimeControl "180+1"]
[EndTime "10:04:33 PST"]
[Termination "SanchezKelvin won by resignation"]

1. d4 Nf6 2. c4 g6 3. Nf3 Bg7 4. g3 d6 5. Bg2 O-O 6. O-O Nbd7 7. Nc3 e5 8. e4 c6 9. dxe5 dxe5 10. h3 Qe7 11. Be3 Ne8 12. Qd2 f5 13. exf5 gxf5 14. Bh6 e4 15. Nh2 Ne5 16. Bxg7 Nxg7 17. b3 Be6 18. Qf4 Ng6 19. Qe3 Rad8 20. Rad1 b6 21.
g4 Rfe8 22. gxf5 Bxf5 23. Ng4 Rxd1 24. Rxd1 Nh5 25. Nh6+ 1-0

[Event "*** Titled Tuesday Blitz"]
[Site "Chess.com"]
[Date "2020.12.29"]
[Round "1"]
[White "Fh2411"]
[Black "garicradomir"]
[Result "1-0"]
[WhiteElo "2570"]
[BlackElo "2275"]
[TimeControl "180+1"]
[EndTime "10:04:34 PST"]
[Termination "Fh2411 won by resignation"]

1. d4 Nf6 2. Nf3 c5 3. d5 g6 4. c4 b5 5. cxb5 a6 6. bxa6 Bxa6 7. Nc3 Bg7 8. g3 d6 9. Bg2 Nbd7 10. O-O O-O 11. Qc2 Ra7 12. Rd1 Qa8 13. b3 Rb8 14. Nd2 Nb6 15. e4 Ng4 16. Bb2 Ne5 17. Nf3 Nxf3+ 18.
Bxf3 Nd7 19. Be2 c4 20. bxc4 Rab7 21. Nb5 Ne5 22. a4 Rc8 23. Qb3 Bxb5 24. cxb5 Nd7 25. Bxg7 Kxg7 26. a5 Rbc7 27. b6 Rc3 28. Qb2 f6 29. b7 1-0

[Event "*** Titled Tuesday Blitz"]
[Site "Chess.com"]
[Date "2020.12.29"]
[Round "1"]
[White "Sviridov_Valery"]
[Black "anon481216"]
[Result "1-0"]
[WhiteElo "2852"]
[BlackElo "2442"]
[TimeControl "180+1"]
[EndTime "10:04:36 PST"]
[Termination "Sviridov_Valery won by resignation"]

1. Nf3 c5 2. g3 Nc6 3. Bg2 g6 4. O-O Bg7 5. c4 e5 6. Nc3 d6 7.
Ne1 Be6 8. d3 Nge7 9. Nc2 d5 10.
cxd5 Nxd5 11. Ne4 b6 12. Ng5 Bc8 13. Ne3 Qxg5 14. Nxd5 Qd8 15. Nb4 cxb4 16. Bxc6+ Bd7 17. Bxa8 Qxa8 18. f3 Bh3 19. Qa4+ Kf8 20. Qxb4+ Kg8 21.
Rf2 h5 22. Be3 f5 23. Rc1 h4 24. Rc7 1-0

[Event "*** Titled Tuesday Blitz"]
[Site "Chess.com"]
[Date "2020.12.29"]
[Round "1"]
[White "Savva09022009"]
[Black "ViktoriyaTarasova"]
[Result "1-0"]
[WhiteElo "2638"]
[BlackElo "2334"]
[TimeControl "180+1"]
[EndTime "10:04:36 PST"]
[Termination "Savva09022009 won by resignation"]

1. d4 Nf6 2. Nc3 d5 3. Bf4 Bf5 4. e3 c6 5. f3 e6 6. g4 Bg6 7. h4 h6 8. Bd3 Bxd3 9. Qxd3 Bd6 10. Nge2 b5 11. O-O-O b4 12. Na4 Bxf4 13. Nxf4 Nbd7 14. g5 Ng8 15. g6 Ne7 16. gxf7+ Kxf7 17. Rhg1 Qa5 18. b3 Qb5 19. Qd2 c5 20. dxc5 Rhg8 21. e4 Nxc5 22. exd5 exd5 23. Nxd5 Nxa4 24. Qf4+ 1-0

[Event "*** Titled Tuesday Blitz"]
[Site "Chess.com"]
[Date "2020.12.29"]
[Round "1"]
[White "HaryKane"]
[Black "Nara_Kh"]
[Result "1-0"]
[WhiteElo "2678"]
[BlackElo "2352"]
[TimeControl "180+1"]
[EndTime "10:04:38 PST"]
[Termination "HaryKane won by checkmate"]

1. e4 c5 2. Nf3 d6 3. d4 Nf6 4.
Nc3 cxd4 5. Nxd4 a6 6. Bc4 e6 7. Bb3 b5 8. Qf3 Bb7 9. Bg5 Nbd7 10. O-O-O Qc7 11. Rhe1 h6 12. Bh4 Ne5 13. Qe2 g5 14.
Bg3 Be7 15. h4 gxh4 16. Bxh4 Nxe4 17. Nxe4 Bxh4 18. Nxb5 axb5 19. Nxd6+ Ke7 20. Qxe5 Rhc8 21. Nf5+ Ke8 22. Qh8# 1-0

[Event "*** Titled Tuesday Blitz"]
[Site "Chess.com"]
[Date "2020.12.29"]
[Round "1"]
[White "Lagmantr"]
[Black "CakeinSpace2002"]
[Result "1-0"]
[WhiteElo "2792"]
[BlackElo "2414"]
[TimeControl "180+1"]
[EndTime "10:04:39 PST"]
[Termination "Lagmantr won by resignation"]

1. e4 c5 2. Nf3 Nc6 3. d4 cxd4 4. Nxd4 Nf6 5. Nc3 e5 6. Ndb5 d6 7. Bg5 a6 8. Na3 b5 9. Nd5 Be7 10. Bxf6 Bxf6 11. c4 b4 12. Nc2 O-O 13. g3 a5 14. h4 g6 15. Bh3 Bg7 16. Kf1 Kh8 17. h5 Kg8 18. Kg2 Ra7 19. Bxc8 Qxc8 20. hxg6 hxg6 21. Qf3 Qe6 22. Rh3 f5 23. Rah1 fxe4 24. Rh8+ Bxh8 25. Rxh8+ Kxh8 26. Qxf8+ Qg8 27. Qxd6 Qe8 28.
Nf6 Qc8 29. Nxe4 Rh7 30. Qf6+ Kg8 31. Qxg6+ Kh8 32. Ng5 Rg7 33. Qh6+ Kg8 34. Ne3 Nd4 35. Nd5 Qg4 36. Nf6+ 1-0

[Event "*** Titled Tuesday Blitz"]
[Site "Chess.com"]
[Date "2020.12.29"]
[Round "1"]
[White "drragnar1"]
[Black "kuban1991"]
[Result "1-0"]
[WhiteElo "2426"]
[BlackElo "2765"]
[TimeControl "180+1"]
[EndTime "10:04:41 PST"]
[Termination "drragnar1 won by checkmate"]

1. g3 d5 2. Bg2 Nc6 3. Nf3 e5 4. O-O Bg4 5. d3 Qd7 6. c4 dxc4 7. dxc4 Nf6 8. Nc3 O-O-O 9. Qa4 Bc5 10. Bg5 Nd4 11.
Qxd7+ Rxd7 12. Nxe5 Nxe2+ 13. Nxe2 Bxe2 14. Rfe1 Bh5 15. Bh3 Rd8 16. Bxf6 gxf6 17. Nxd7 Rxd7 18. Re8# 1-0

[Event "*** Titled Tuesday Blitz"]
[Site "Chess.com"]
[Date "2020.12.29"]
[Round "1"]
[White "jcibarra"]
[Black "MFBerna"]
[Result "1-0"]
[WhiteElo "2893"]
[BlackElo "2453"]
[TimeControl "180+1"]
[EndTime "10:04:42 PST"]
[Termination "jcibarra won by resignation"]

1. d4 d5 2. Bf4 c6 3. e3 Bf5 4. c4 e6 5. Nc3 Nd7 6. Qb3 Qb6 7. c5 Qxb3 8. axb3 e5 9. Bg3 a6 10. b4 Rc8 11. dxe5 f6 12. exf6 Ngxf6 13. Nf3 Be7 14. Nd4 Bg6 15. Be2 O-O 16. O-O Rfe8 17. Rfd1 Bf8 18.
Rac1 Ne5 19. Nb3 Bh5 20. f3 Nc4 21. Bxc4 dxc4 22. Na5 Re7 23. Nxc4 Bf7 24. Nd6 Rd8 25. e4 Bb3 26. Re1 Nh5 27. Bh4 Nf6 28. e5 1-0

[Event "*** Titled Tuesday Blitz"]
[Site "Chess.com"]
[Date "2020.12.29"]
[Round "1"]
[White "Keks2017"]
[Black "chessuriel"]
[Result "1-0"]
[WhiteElo "2544"]
[BlackElo "2230"]
[TimeControl "180+1"]
[EndTime "10:04:51 PST"]
[Termination "Keks2017 won by resignation"]

1. g3 Nf6 2. Bg2 c5 3. e4 e6 4. d3 Nc6 5. Bd2 Be7 6. f4 O-O 7.
Nf3 d6 8. O-O Qb6 9. Bc3 c4+ 10.
Kh1 Ng4 11. Qe2 Qe3 12. Qxe3 Nxe3 13. Rf2 cxd3 14. cxd3 Nxg2 15. Kxg2 b6 16. Na3 Ba6 17. Rd1 Rac8 18. Nc2 Rfd8 19. Nb4 Nxb4 20. Bxb4 Rc7 21.
Bc3 Rdc8 22. g4 Bb7 23. Kg3 f5 24. exf5 exf5 25. g5 Bd5 26. a3 Bf8 27. Nd4 g6 28. Re1 Re7 29. Rfe2 Rce8 30. Rxe7 Rxe7 31. Rxe7 Bxe7 32.
Nb5 a5 33. Bd4 Bb7 34. Bxb6 Ba6 35. a4 1-0

[Event "*** Titled Tuesday Blitz"]
[Site "Chess.com"]
[Date "2020.12.29"]
[Round "1"]
[White "Ariadna_Atreides"]
[Black "JozefKneht"]
[Result "0-1"]
[WhiteElo "2083"]
[BlackElo "2499"]
[TimeControl "180+1"]
[EndTime "10:04:53 PST"]
[Termination "JozefKneht won by resignation"]

1. Nf3 Nf6 2. d4 g6 3. c3 Bg7 4. Bg5 O-O 5. Nbd2 d6 6. e4 Nbd7 7. Bd3 e5 8. Qc2 h6 9. Bh4 Qe8 10. O-O Nh5 11. dxe5 dxe5 12. Bc4 a5 13. a4 Nc5 14.
Nb3 Ne6 15. Rfd1 Nhf4 16. Bg3 Bd7 17. Bxf4 Nxf4 18. Nc5 Bc8 19. Qb3 Qe7 20. Nd3 Nh5 21. Rd2 Bg4 22. Nde1 Rab8 23. Rad1 Nf4 24. Rd7 Bxd7 0-1

[Event "*** Titled Tuesday Blitz"]
[Site "Chess.com"]
[Date "2020.12.29"]
[Round "1"]
[White "Rozum_Ivan"]
[Black "KyrgyzFighter"]
[Result "1-0"]
[WhiteElo "2737"]
[BlackElo "2395"]
[TimeControl "180+1"]
[EndTime "10:04:55 PST"]
[Termination "Rozum_Ivan won by resignation"]

1. d4 f5 2. e4 fxe4 3. Nc3 Nf6 4.
Bg5 Nc6 5. d5 Ne5 6. Qd4 Nf7 7.
Bh4 d6 8. O-O-O g5 9. Bg3 Bg7 10. Nxe4 O-O 11. Nxf6+ exf6 12. Qd2 f5 13. f4 Qf6 14. c3 a5 15. Nf3 h6 16. h4 g4 17.
Nd4 h5 18. Bd3 a4 19. a3 Bd7 20. Rhe1 Rfe8 21. Bb5 Bxb5 22. Nxb5 Rxe1 23. Rxe1 c6 24. Nd4 cxd5 25. Ne6 Ra5 26. Bf2 Qg6 27. Bd4 g3 28. Nxg7 1-0

[Event "*** Titled Tuesday Blitz"]
[Site "Chess.com"]
[Date "2020.12.29"]
[Round "1"]
[White "Firegrizzly"]
[Black "Spriteball"]
[Result "1-0"]
[WhiteElo "2610"]
[BlackElo "2313"]
[TimeControl "180+1"]
[EndTime "10:04:56 PST"]
[Termination "Firegrizzly won by resignation"]

1. d4 Nf6 2. Nf3 d5 3. Bf4 c5 4. dxc5 e6 5. e3 Bxc5 6. Nbd2 O-O 7. Bd3 Nc6 8. O-O Bd6 9. Bg5 h6 10. Bh4 b6 11. e4 dxe4 12. Nxe4 Be7 13. c3 Bb7 14.
Qe2 Nxe4 15. Qxe4 g6 16. Bg3 Na5 17. Qe3 Bf6 18. Rad1 Qc8 19. Qxh6 Bxf3 20. gxf3 Bg7 21. Qe3 Nc4 22. Qe2 b5 23. Be4 a5 24. Bxa8 Qxa8 25. a4 Rc8 26. axb5 a4 27. Rd7 Qa5 28. Rfd1 Qxb5 29.
Rd8+ Rxd8 30. Rxd8+ Kh7 31. Rc8 Na3 32. Qxb5 Nxb5 33.
Rb8 1-0

[Event "*** Titled Tuesday Blitz"]
[Site "Chess.com"]
[Date "2020.12.29"]
[Round "1"]
[White "HeadShotRomanTest"]
[Black "lelajavakhishvili"]
[Result "0-1"]
[WhiteElo "2168"]
[BlackElo "2518"]
[TimeControl "180+1"]
[EndTime "10:04:57 PST"]
[Termination "lelajavakhishvili won by resignation"]

1. e4 c5 2. Nf3 e6 3. d4 cxd4 4. Nxd4 Nc6 5. Nb5 d6 6. c4 Nf6 7. N5c3 Be7 8. Be3 O-O 9. Nd2 b6 10. f3 Bb7 11. Be2 a6 12. O-O Nd7 13. Rc1 Rc8 14. a3 Re8 15. b4 Bf8 16. Qb3 Qc7 17. Rfd1 Qb8 18. Nf1 Nce5 19. h3 h5 20. f4 Ng6 21.
Bf3 h4 22. Rd2 Nf6 23. Rdc2 d5 24. cxd5 Nxf4 25. dxe6 Nxe6 26. Nd5 Rxc2 27. Nxf6+ gxf6 28. Rxc2 Ng5 29. Bxb6 Bxe4 30. Bxe4 Qxb6+ 0-1

[Event "*** Titled Tuesday Blitz"]
[Site "Chess.com"]
[Date "2020.12.29"]
[Round "1"]
[White "bazar-wokzal"]
[Black "glebus008"]
[Result "1-0"]
[WhiteElo "2545"]
[BlackElo "2231"]
[TimeControl "180+1"]
[EndTime "10:04:58 PST"]
[Termination "bazar-wokzal won by checkmate"]

1. e4 c5 2. c3 Nf6 3. e5 Nd5 4. d4 cxd4 5. cxd4 d6 6. Bc4 e6 7. Nf3 Be7 8. O-O O-O 9. Qe2 b6 10. Rd1 Bb7 11. Qe4 Nd7 12. Bd3 g6 13. Bh6 Re8 14. Qg4 Nb4 15. exd6 Bxd6 16. Nc3 Nxd3 17.
Rxd3 Nf6 18. Qh4 Bxf3 19. Rxf3 Nd5 20. Bg5 Qb8 21. Rxf7 Kxf7 22. Qxh7+ Kf8 23. Bh6# 1-0